AoeStats
← 150490644@

Arabia

509410077Analyzed
1v1 RM · 5d ago on Sep 26, 2026· 26m 59s· 2 players
Game mode
Random Map
Map size
Tiny (2 player)
Population
200
Speed
Normal
Resources
Standard
Victory
Conquest
Starting age
Dark Age
Ending age
Imperial Age
RankedLock teamsTeams togetherTeam positionsShared explorationLock speedFull tech treeHidden civsTurbo modeCheats
Victory
Defeat
🇮🇹 Franks · Italy
989
+17
🇩🇪 Huns · Germany
1000
-51
150490644@
7:06 Loom
9:23 Feudal Age
10:02 Double-Bit Axe
18:13 Wheelbarrow
17:31 Gold Mining
20:29 Castle Age
19:31 Forging
20:15 Scale Barding Armor
22:14 Hand Cart
22:22 Chain Barding Armor
22:30 Bow Saw
24:48 Husbandry
24:56 Town Watch
26:43 Iron Casting
Leberkäsweck
15:51 Feudal Age
19:59 Double-Bit Axe
20:32 Horse Collar
26:41 Castle Age
Connection lost

Rejoining the realm…

Still unreachable

The connection could not be restored.

Session expired

The server has moved on; the page needs a fresh start.